 Dungeon Crawl Stone Soup version 0.24-a0-416-g56ce5178b7 (webtiles) character file.

Game seed: 11727960234504080219

2058 EvilAshe the Quickloader (level 9, -14/71 HPs)
             Began as a Formicid Arcane Marksman on June 9, 2019.
             Was an Initiate of Fedhas.
             Demolished by Harold
             ... wielding a +0 dire flail
              (16 damage)
             ... on level 7 of the Dungeon.
             The game lasted 00:25:59 (8815 turns).

EvilAshe the Quickloader (Formicid Arcane Marksman) Turns: 8815, Time: 00:25:59

Health: -14/71     AC: 12    Str: 16    XL:     9   Next: 49%
Magic:  10/10      EV:  6    Int: 13    God:    Fedhas [......]
Gold:   529        SH:  0    Dex: 13    Spells: 9/10 levels left

rFire    . . .     SeeInvis +   b - +0 flail
rCold    . . .     Gourm    .   (no shield)
rNeg     . . .     Faith    .   x - +0 plate armour
rPois    .         Spirit   .   (helmet unavailable)
rElec    .         Reflect  .   (no cloak)
rCorr    .         Harm     .   (no gloves)
MR       .....                  (no boots)
Stlth    ..........             u - amulet of magic regeneration {!d}
HPRegen  0.21/turn              (no ring)
MPRegen  0.37/turn              (no ring)

@: marked
A: permanent stasis, dig shafts and tunnels, four strong arms, antennae 3
a: Dig, Shaft Self, Fungal Bloom, Renounce Religion


You were on level 7 of the Dungeon.
You worshipped Fedhas.
Fedhas was noncommittal.
You were not hungry.

You visited 2 branches of the dungeon, and saw 10 of its levels.
You also visited: Ossuary.

You collected 529 gold pieces.

Inventory:

Hand Weapons
 a - a +0 hand crossbow
 b - a +0 flail (weapon)
   (You took it off a gnoll on level 2 of the Dungeon)
 d - a +0 battleaxe
   (You found it on level 7 of the Dungeon)
Armour
 f - a +0 robe
 g - the +1 robe "Nexauj" {rN+ Slay+6, unknown}
   (You found it on level 7 of the Dungeon)

   It affects your accuracy and damage with ranged weapons and melee attacks
   (+6).
   It protects you from negative energy.
 w - a +0 pair of boots
   (You found it on level 5 of the Dungeon)
 x - a +0 plate armour (worn)
   (You found it on level 2 of the Dungeon)
Jewellery
 r - a +3 ring of dexterity {unknown}
   (You found it on level 3 of the Dungeon)
 u - an amulet of magic regeneration (around neck) {!d}
   (You found it on level 6 of the Dungeon)
 C - a +6 ring of protection {unknown}
   (You found it on level 6 of the Dungeon)
Wands
 c - a wand of disintegration (13) {!d}
   (You took it off an orc on level 6 of the Dungeon)
 z - a wand of enslavement (1)
   (You took it off an orc priest on level 6 of the Dungeon)
Scrolls
 h - 2 scrolls of amnesia {unknown}
 j - 2 scrolls of enchant weapon {unknown}
 k - 3 scrolls of teleportation {unknown}
 l - a scroll of blinking
 m - 2 scrolls of noise {unknown}
 q - a scroll of fog {unknown}
 t - a scroll of magic mapping {unknown}
 v - 3 scrolls of remove curse {unknown}
Potions
 i - 4 potions of curing {@q1}
 n - a potion of might {unknown}
 o - a potion of lignification {unknown}
 s - 3 potions of brilliance
 A - a potion of flight {unknown}
Comestibles
 e - 13 rations {!d}


   Skills:
 + Level 6.5 Fighting
 * Level 8.6 Crossbows
 + Level 6.0 Armour
 - Level 2.3 Dodging
 - Level 1.1 Spellcasting
 - Level 3.6 Hexes


You had 9 spell levels left.
You knew the following spells:

 Your Spells              Type           Power        Failure   Level  Hunger
a - Corona                Hex            ##.....      96%         1    ##.....

Your spell library contained the following spells:

 Spells                   Type           Power        Failure   Level  Hunger
 Slow                     Hex            ##......     99%         2    ###....
 Inner Flame              Hex/Fire       #.......     100%        3    ####...
 Portal Projectile        Hex/Tloc       #.....       100%        3    ####...
 Cause Fear               Hex            ##........   100%        4    #####..
 Leda's Liquefaction      Hex/Erth       #.........   100%        4    #####..


Dungeon Overview and Level Annotations

Branches:
Dungeon (9/15)             Temple (1/1) D:5
   Lair: D:8-11         Orc: D:9-12

Altars:
Ashenzari
Cheibriados
Dithmenos
Elyvilon
Fedhas
Gozag
Hepliaklqana
Kikubaaqudgha
Makhleb
Nemelex Xobeh
Okawaru
Qazlal
Ru
Sif Muna
Trog
Uskayaw
Wu Jian
Xom
Yredelemnul
The Shining One

Shops:
D:6 ?   D:9 ?

Annotations:
D:4 2 transporters
D:6 Pikel
D:7 2 runed translucent doors, Crazy Yiuf, Harold


Innate Abilities, Weirdness & Mutations

You cannot be hasted, slowed, berserked, paralysed or teleported.
You can dig through walls and to a lower floor.
Your four strong arms can wield two-handed weapons with a shield.
You have a pair of large antennae on your head. (SInv)


Message History

Aim: Harold, wielding a +0 dire flail and wearing a +0 scale mail (heavily wounded) Really fire
B - 2 throwing nets {!f}? [Y]es or [N]o only, please.
Really fire
B - 2 throwing nets {!f}?
b - a +0 flail (weapon)
Throwing (i - inventory)
B - 2 throwing nets (quivered)
{!f}
Aim: Harold, wielding a +0 dire flail and wearing a +0 scale mail (heavily wounded) Really fire
B - 2 throwing nets {!f}?
You throw a throwing net {!f}.
The throwing net {!f} barely misses Harold.
Harold hits you with a +0 dire flail!
Throwing (i - inventory)
B - a throwing net (quivered)
{!f}
Aim: Harold, wielding a +0 dire flail and wearing a +0 scale mail (heavily wounded) Really fire
B - a throwing net {!f}?
You throw a throwing net {!f}.
The throwing net {!f} barely misses Harold.
Harold says, "I was hoping my final job would be more of a challenge, but money is money."
Harold hits you but does no damage.
Okay, then.
Harold says, "Do you have any idea what people are willing to pay to have you killed, EvilAshe?"
Harold points at you and mumbles some strange words.
The mark upon you grows brighter. Harold casts a spell at you.
The harpoon shot hits you!
You are yanked forward by the harpoon shot.
You hit Harold. Harold gestures at you while chanting.
The mark upon you grows brighter.
You closely miss Harold. Harold hits you with a +0 dire flail.
You sock Harold! Harold hits you but does no damage. x2
You barely miss Harold. Harold hits you with a +0 dire flail!
* * * LOW HITPOINT WARNING * * *
You barely miss Harold. Harold hits you with a +0 dire flail!
* * * LOW HITPOINT WARNING * * *
You hit Harold but do no damage. Harold hits you with a +0 dire flail!
* * * LOW HITPOINT WARNING * * *
You feel much better. Harold hits you with a +0 dire flail!
* * * LOW HITPOINT WARNING * * *
Your plate armour prevents you from hitting Harold.
Harold hits you with a +0 dire flail!
* * * LOW HITPOINT WARNING * * *
Harold says, "Try to look on the bright side.
Your death will help put my children through school."
Harold hits you with a +0 dire flail!
* * * LOW HITPOINT WARNING * * *
You closely miss Harold. Harold gestures at you while chanting.
The mark upon you grows brighter.
You hit Harold. Harold hits you with a +0 dire flail!
You die...
Fedhas appreciates your contribution to the ecosystem.

.(.........
..(........
...(#'#######
....(.......#
............#
............#
............#
............#######
..............a@@.#
......#####.#.###.#
...#### #8......#
......# #.......#
#.[...######......#
#.#...##...#.###..#
#.#...##._.#.+p#..#
#.######...#.###..#
.[# #####......##


You could see Harold and a worker ant.

Vanquished Creatures
  Grinder (D:4)
  A wyvern (D:8)
  2 ice beasts (D:6)
  An orc warrior (D:5)
  A sky beast (D:6)
  Blork the orc (D:5)
  A bullfrog (D:6)
  2 wyvern skeletons
  3 howler monkeys (D:7)
  2 crimson imps (D:6)
  A human zombie (Ossuary)
  An orc priest (D:6)
  5 hounds
  3 centaur skeletons
  A bullfrog skeleton (D:4)
  5 iguanas
  3 orc wizards (D:6)
  4 worker ants
  2 hound zombies (Ossuary)
  A mummy (D:5)
  4 gnolls
  9 adders
  3 adder skeletons
  An adder zombie (D:5)
  3 worms
  3 dart slugs
  6 leopard geckos
  27 orcs
  7 bats
  3 giant cockroaches
  3 goblins
  7 hobgoblins
  5 jackals
  5 quokkas
  3 ball pythons
  4 frilled lizards
  8 kobolds
  2 orc zombies (Ossuary)
  2 rats
146 creatures vanquished.

Vanquished Creatures (others)
  8 toadstools
8 creatures vanquished.

Grand Total: 154 creatures vanquished

Notes
Turn   | Place    | Note
-------+----------+-------------------------------------------
     0 | D:1      | EvilAshe the Formicid Arcane Marksman began the quest for
                  | the Orb.
     0 | D:1      | Reached XP level 1. HP: 15/15 MP: 2/2
   273 | D:1      | Reached XP level 2. HP: 21/21 MP: 3/3
   349 | D:1      | Found a shimmering altar of Xom.
   886 | D:1      | Reached XP level 3. HP: 10/27 MP: 4/4
  1176 | D:2      | Reached skill level 3 in Crossbows
  1484 | D:2      | Reached XP level 4. HP: 33/33 MP: 5/5
  1684 | D:2      | Reached skill level 1 in Armour
  2154 | D:3      | Reached XP level 5. HP: 39/39 MP: 6/6
  2752 | D:3      | Found a burning altar of Makhleb.
  2752 | D:3      | Noticed an Executioner
  2797 | D:3      | Reached skill level 4 in Crossbows
  3158 | D:4      | Reached XP level 6. HP: 21/47 MP: 7/7
  3688 | D:4      | Found a transporter.
  3718 | D:4      | Found a transporter.
  4032 | D:4      | Noticed Grinder
  4045 | D:4      | Killed Grinder
  4045 | D:4      | Reached skill level 5 in Crossbows
  4045 | D:4      | Reached XP level 7. HP: 43/53 MP: 8/8
  4236 | D:4      | Found an ornate altar of the Wu Jian Council.
  4236 | D:4      | Found an ancient bone altar of Kikubaaqudgha.
  4377 | D:5      | Entered Level 5 of the Dungeon
  4567 | D:5      | Noticed Blork the orc
  4593 | D:5      | Killed Blork the orc
  4741 | D:5      | Found a stormy altar of Qazlal.
  4854 | D:5      | Found a staircase to the Ecumenical Temple.
  4870 | Temple   | Entered the Ecumenical Temple
  4890 | Temple   | Became a worshipper of Fedhas Madash
  5164 | D:6      | Found a sand-covered staircase.
  5195 | D:5      | Reached skill level 6 in Crossbows
  5303 | D:6      | Reached XP level 8. HP: 61/61 MP: 9/9
  5329 | Ossuary  | Entered an ossuary
  5660 | D:6      | Found Duolah's Magic Scroll Shoppe.
  6106 | D:6      | Reached skill level 5 in Fighting
  6171 | D:6      | Reached skill level 7 in Crossbows
  6295 | D:6      | Found a stormy altar of Qazlal.
  6471 | D:6      | Reached skill level 5 in Armour
  6506 | D:6      | Noticed Pikel
  6520 | D:6      | Reached XP level 9. HP: 61/68 MP: 10/10
  7165 | D:7      | Noticed a +0 dagger
  7165 | D:7      | Noticed a +0 dagger
  7201 | D:7      | Got a heavily jewelled robe
  7255 | D:7      | Found a runed translucent door.
  7256 | D:7      | Noticed Crazy Yiuf
  7442 | D:7      | Reached skill level 8 in Crossbows
  7510 | D:7      | Noticed Harold
  7554 | D:6      | You fall into a shaft and drop 2 floors!
  7565 | D:8      | You fall into a shaft and drop 1 floor!
  7565 | D:9      | Found Nuijas's Magic Scroll Emporium.
  8060 | D:7      | You fall into a shaft and drop 1 floor!
  8658 | D:7      | Found a hide-covered altar of Uskayaw.
  8717 | D:7      | Found a runed translucent door.
  8765 | D:7      | Found a basalt altar of Yredelemnul.
  8813 | D:7      | HP: 2/71 [Harold/+0 dire flail (10)]
  8815 | D:7      | Demolished by Harold

Levels and vault maps discovered:
D:1:      dpeg_arrival_refuge, layout_loops_ring, serial_forest,
          infiniplex_forest_clump_tiny, infiniplex_forest_end_2,
          infiniplex_forest_end_2, infiniplex_forest_clump_diagonal,
          kennysheep_flooded_box, serial_bayou_crossing
D:2:      layout_basic, first_ration, minmay_pentomino_r2
D:3:      layout_loops_ring, makhleb_altar_promises_db
D:4:      gammafunk_wand_slinger, layout_loops_ring,
          gammafunk_temple_overflow_elements, uniq_grinder
D:5:      layout_loops_ring, minmay_temple_entry_stoned_glass, basic_altar,
          uniq_blork_the_orc
D:6:      layout_basic, kennysheep_little_box, gup_ossuary_entry_pyramid,
          serial_shops, shop, uniq_pikel
D:7:      layout_basic, vehumet_crystals, dancing_weapons_uskayaw, serial_shops,
          kennysheep_mini_moat, grunt_livestock, dk_yredelemnul_ordeal,
          uniq_harold, uniq_crazy_yiuf_cottage
D:8:      layout_basic, serial_shops, shop, minmay_chambers_of_fives
D:9:      layout_loops_cross, grunt_lair_entry_orc_guard_hut, serial_shops, shop
Temple:   nicolae_temple_x_marks_the_god

Skill      XL: |  1  2  3  4  5  6  7  8  9 |
---------------+----------------------------+-----
Dodging        | 2 |  2.3
Crossbows      | 3 4 5 6 7 8 |  8.6
Fighting       | 2 3 4 5 6 |  6.5
Armour         | 1 2 3 5 6 |  6.0
Spellcasting   | |  1.1
Hexes          | |  3.6

Action                   |  1- 3 |  4- 6 |  7- 9 || total
-------------------------+-------+-------+-------++-------
Melee: Unarmed           |     9 |       |       ||     9
       Flail             |       |   128 |   100 ||   228
 Fire: Hand crossbow     |    76 |   151 |   281 ||   508
Throw: Throwing net      |       |       |     2 ||     2
Invok: Fungal Bloom      |       |       |    10 ||    10
 Abil: Shaft Self        |       |       |     3 ||     3
Evoke: Wand              |       |       |     3 ||     3
  Use: Scroll            |       |     1 |     4 ||     5
       Potion            |       |       |     3 ||     3
  Eat: Chunk             |     1 |     9 |     4 ||    14
       Ration            |       |       |     4 ||     4
Armor: Robe              |    16 |       |       ||    16
       Plate armour      |     1 |   220 |   335 ||   556
Dodge: Dodged            |    33 |    67 |   146 ||   246

Table legend:
 A = Non-vault XP
 B = Vault XP
 C = Vault XP percentage of total XP
 D = Non-vault monster count
 E = Vault monster count
 F = Vault count percentage of total count
                 A         B        C        D         E       F
            +---------+---------+-------+---------+---------+-------
      Total |    2376 |     564 |  19.2 |     134 |      12 |   8.2
            +---------+---------+-------+---------+---------+-------
        D:1 |      36 |       0 |   0.0 |      12 |       0 |   0.0
        D:2 |     103 |       6 |   5.5 |      23 |       2 |   8.0
        D:3 |      97 |       0 |   0.0 |      31 |       0 |   0.0
        D:4 |     156 |     286 |  64.7 |      11 |       1 |   8.3
        D:5 |     193 |     112 |  36.7 |       7 |       2 |  22.2
        D:6 |    1135 |       0 |   0.0 |      36 |       0 |   0.0
        D:7 |     408 |       0 |   0.0 |      12 |       0 |   0.0
        D:8 |     248 |      73 |  22.7 |       2 |       2 |  50.0
    Ossuary |       0 |      87 | 100.0 |       0 |       5 | 100.0
            +---------+---------+-------+---------+---------+-------
